 Dungeon Crawl Stone Soup version 0.23-a0-295-g2e428d4 (webtiles) character file.

24820 Amnesiac the Black Sun (level 12, -2/74 HPs)
             Began as a Mummy Wizard on Oct 4, 2018.
             Was a High Priest of Kikubaaqudgha.
             Slain by an ice beast (4 damage)
             ... summoned by an ice statue
             ... in an ice cave.
             The game lasted 00:46:32 (17258 turns).

Amnesiac the Black Sun (Mummy Wizard)              Turns: 17258, Time: 00:46:32

Health: -2/74      AC: 10    Str: 10    XL:     12   Next: 84%
Magic:  5/39       EV: 12    Int: 26    God:    Kikubaaqudgha [*****.]
Gold:   1571       SH:  0    Dex: 10    Spells: 1/39 levels left

rFire    . . .     SeeInvis .   b - +5 long sword of Exhibitionism {elec, MR++ Stlth+}
rCold    + . .     Gourm    .   (no shield)
rNeg     + + +     Faith    .   u - +2 robe {rF+}
rPois    ∞         Spirit   .   n - +2 helmet
rElec    .         Reflect  .   h - +0 cloak
rCorr    .         Harm     .   q - +0 pair of gloves
MR       +++..                  g - +0 pair of boots
Stlth    +++.......             (no amulet)
HPRegen  0.22/turn              o - ring of magical power
MPRegen  0.26/turn              r - +3 ring of intelligence

@: no status effects
A: no food or potions, fire vulnerability, cold resistance 1, negative energy
resistance 3, torment resistance, unbreathing
a: Receive Corpses, Torment, Renounce Religion


You were in an ice cave.
You worshipped Kikubaaqudgha.
Kikubaaqudgha was extremely pleased with you.
You were not hungry.

You visited 3 branches of the dungeon, and saw 15 of its levels.
You also visited: Ice Cave.

You collected 1571 gold pieces.

Inventory:

Hand Weapons
 b - the +5 long sword of Exhibitionism (weapon) {elec, MR++ Stlth+}
   (You found it on level 7 of the Dungeon)

   Occasionally, upon striking a foe, it will discharge some electrical energy
   and cause terrible harm.
   It affects your resistance to hostile enchantments.
   It makes you more stealthy.
 z - a +3 scimitar of flaming
Armour
 g - a +0 pair of boots (worn)
 h - a +0 cloak (worn)
 n - a +2 helmet (worn)
 q - a +0 pair of gloves (worn)
 u - a +2 robe of fire resistance (worn)
Magical Staves
 a - an uncursed staff of conjuration
Jewellery
 c - an uncursed ring of wizardry
 o - a ring of magical power (left hand)
 r - a +3 ring of intelligence (right hand)
Wands
 j - a wand of paralysis (55)
 l - a wand of iceblast (6)
 s - a wand of disintegration (9)
 x - a wand of digging (22)
 y - a wand of polymorph (14)
 A - a wand of random effects (16)
 C - a wand of acid (5)
Scrolls
 d - 4 scrolls of identify {!r}
 e - 2 scrolls of teleportation {!r}
 f - 2 scrolls of enchant weapon {!r}
 i - 6 scrolls of remove curse {!r}
 k - a scroll of amnesia {!r}
 m - a scroll of acquirement {!r}
 t - a scroll of magic mapping {!r}
 v - a scroll of fog {!r}
 w - 2 scrolls of enchant armour {!r}
 B - a scroll of torment {!r}


   Skills:
 - Level 1.5 Dodging
 - Level 1.5 Stealth
 + Level 14.0 Spellcasting
 - Level 0.7 Conjurations
 + Level 3.4 Charms
   Level 0.7 Summonings
 * Level 16.4 Necromancy
 - Level 0.7 Translocations
 + Level 3.4 Air Magic


You had one spell level left.
You knew the following spells:

 Your Spells              Type           Power        Failure   Level  Hunger
a - Bolt of Draining      Conj/Necr      ######....   2%          5    N/A
b - Animate Dead          Necr           N/A          1%          4    N/A
c - Corpse Rot            Necr           N/A          0%          2    N/A
d - Dispel Undead         Necr           #######.     1%          5    N/A
e - Borgnjor's Vile Clut  Necr/Erth      ######....   3%          5    N/A
g - Vampiric Draining     Necr           #######...   0%          3    N/A
h - Deflect Missiles      Chrm/Air       #####.....   75%         6    N/A
s - Conjure Flame         Conj/Fire      ###.....     8%          3    N/A
v - Blink                 Tloc           N/A          3%          2    N/A
w - Mephitic Cloud        Conj/Pois/Air  ####....     5%          3    N/A

Your spell library contained the following spells:

 Spells                   Type           Power        Failure   Level  Hunger
 Animate Skeleton         Necr           N/A          0%          1    N/A
 Pain                     Necr           ####         0%          1    N/A
 Apportation              Tloc           ###...       2%          1    N/A
 Flame Tongue             Conj/Fire      ###..        2%          1    N/A
 Magic Dart               Conj           ###.         2%          1    N/A
 Summon Small Mammal      Summ           ###.         2%          1    N/A
 Confusing Touch          Hex            ###...       3%          1    N/A
 Excruciating Wounds      Chrm/Necr      ######....   1%          5    N/A
 Call Imp                 Summ           ###.....     3%          2    N/A
 Slow                     Hex            ###.....     4%          2    N/A
 Throw Flame              Conj/Fire      ###...       4%          2    N/A
 Inner Flame              Hex/Fire       ###.....     9%          3    N/A
 Sticky Flame             Conj/Fire      ###.....     26%         4    N/A
 Cause Fear               Hex            ###.......   30%         4    N/A
 Silence                  Hex/Air        ####......   38%         5    N/A
 Fireball                 Conj/Fire      ###.......   58%         5    N/A
 Yara's Violent Unravell  Hex/Tmut       ###.......   63%         5    N/A
 Discord                  Hex            ###.......   100%        8    N/A

Dungeon Overview and Level Annotations

Branches:
Dungeon (12/15)            Temple (1/1) D:4            Lair (0/6) D:8
    Orc (2/2) D:12            Elf (0/3) Orc:2

Altars:
Ashenzari
Cheibriados
Dithmenos
Elyvilon
Fedhas
Gozag
Hepliaklqana
Kikubaaqudgha
Makhleb
Nemelex Xobeh
Okawaru
Qazlal
Ru
Sif Muna
Trog
Uskayaw
Vehumet
Wu Jian
Xom
Yredelemnul
Zin
The Shining One
Beogh

Shops:
D:4 (   D:7 !   D:12 =

Annotations:
Orc:2 exclusion: orc IceCv 1 transporter, exclusion: ice statue


Innate Abilities, Weirdness & Mutations

You do not eat or drink.
Your flesh is vulnerable to fire.
You are immune to poison.
Your flesh is cold resistant. (rC+)
You are immune to negative energy. (rN+++)
You are immune to unholy pain and torment.
You can survive without breathing.


Message History

The ice statue gestures.
Evoke which item? (* to show all) (? for menu, Esc to quit)
Aiming: Corrosive Bolt
Press: ? - help, Shift-Dir - straight line, f/p - ice beast
Aim: an ice beast (severely wounded, summoned)
The bolt of acid misses the ice beast.
The zombie hands constrict the ice statue!
The zombie hands release their grip on the ice statue.
Evoke which item? (* to show all) (? for menu, Esc to quit)
Aiming: Corrosive Bolt
Press: ? - help, Shift-Dir - straight line, f/p - ice beast
Aim: an ice beast (severely wounded, summoned)
The bolt of acid hits the ice beast.
The ice beast is splashed with acid.
The acid corrodes the ice beast!
You kill the ice beast!
The ice statue gestures.
Okay, then.
Memorise Animate Dead, consuming 4 spell levels and leaving 0?
You start memorising the spell.
You continue memorising. x4
The ice beast barely misses you.
The ice beast hits you but does no damage.
Your memorisation is interrupted.
Casting: Borgnjor's Vile Clutch (safe; 3% risk of failure)
Confirm with . or Enter, or press ? or * to list all spells.
You blink.
Found 9 stones and 37 gold pieces.
Found a transporter.
Evoke which item? (* to show all) (? for menu, Esc to quit)
Aiming: Corrosive Bolt
Press: ? - help, Shift-Dir - straight line, f - ice statue
Aim: an ice statue (almost destroyed)
The bolt of acid hits the ice statue.
The ice statue is splashed with acid.
The acid corrodes the ice statue!
You destroy the ice statue!
Kikubaaqudgha accepts your kill.
The ice beast disappears in a puff of smoke! x3
Your Spellcasting skill increases to level 14!
The ice statue gestures.
Unknown command.
Okay, then.
Memorise Animate Dead, consuming 4 spell levels and leaving 1?
You start memorising the spell.
You continue memorising. x4
You finish memorising.
Spell assigned to 'b'.
Evoke which item? (* to show all) (? for menu, Esc to quit)
Aiming: Paralyse
Press: ? - help, Shift-Dir - straight line, f - ice beast
Aim: an ice beast (summoned, chance to defeat MR: 46%)
The ice beast resists with some effort.
The ice beast hits you.
* * * LOW HITPOINT WARNING * * *
The ice beast freezes you. You resist.
* * * LOW HITPOINT WARNING * * *
Evoke which item? (* to show all) (? for menu, Esc to quit)
Aiming: Paralyse
Press: ? - help, Shift-Dir - straight line, f/p - ice beast
Aim: an ice beast (summoned, chance to defeat MR: 46%)
The ice beast resists with some effort.
The ice beast barely misses you.
Evoke which item? (* to show all) (? for menu, Esc to quit)
Aiming: Paralyse
Press: ? - help, Shift-Dir - straight line, f/p - ice beast
Aim: an ice beast (summoned, chance to defeat MR: 46%)
The ice beast resists with some effort.
The ice beast hits you.
* * * LOW HITPOINT WARNING * * *
The ice beast freezes you. You resist.
You die...
Kikubaaqudgha rasps: "You have failed me!
Welcome... oblivion!"

#######
##.....##
##...∩...##
##...†.....##
#.....©.....#
#...........#
#...........##
#.............#
#....8......Y@#
#......?......#
##....$.!....##
#...8.[.8...#
..$©(...##
#########


You could see an ice beast.

Vanquished Creatures
  Josephine (D:12)
  Erica (D:10)
  A two-headed ogre (D:11)
  The ghost of mandick the Firebug, a novice OgFE of Makhleb (D:8)
  Nergalle (D:12)
  An unseen horror (D:11)
  Pikel (D:7)
  An orc knight (Orc:1)
  A deep elf mage (D:12)
  4 ugly things
  2 cyclopes
  Maurice (D:12)
  2 centaur skeletons
  An ice statue (IceCv)
  2 polar bears (D:10)
  A hornet (D:12)
  5 trolls
  2 vampires (D:12)
  2 shadows (D:12)
  5 wraiths
  14 yaks
  Grum (D:11)
  2 hungry ghosts
  5 wargs
  3 water moccasins
  Duvessa (D:5)
  17 orc warriors
  4 slaves (D:7)
  10 ice beasts
  3 sky beasts
  4 phantoms
  14 ogres
  3 black bears
  2 wolves (D:11)
  2 centaurs
  A big kobold (D:8)
  2 elf zombies (D:8)
  4 bullfrogs
  8 scorpions
  Dowan (D:5)
  10 killer bees
  3 electric eels
  6 wights (D:8)
  7 crimson imps
  4 centaur zombies
  A bullfrog zombie (D:11)
  A quasit (D:10)
  4 jellies
  13 orc priests
  6 hounds
  A bullfrog skeleton (D:7)
  6 human zombies (D:8)
  7 iguanas
  20 orc wizards
  9 worker ants
  A hound zombie (D:7)
  A mummy (D:8)
  2 worker ant zombies
  7 gnolls
  A howler monkey skeleton (D:8)
  6 adders
  7 shadow imps
  An adder zombie (D:7)
  An adder skeleton (D:8)
  3 worms
  2 leopard geckos (D:3)
  89 orcs
  4 giant cockroaches
  7 goblins
  12 hobgoblins
  15 jackals
  17 kobolds
  3 quokkas
  8 bats
  3 frilled lizards (D:3)
  A jackal skeleton (D:4)
  7 rats
433 creatures vanquished.

Vanquished Creatures (collateral kills)
  The ghost of mhoghedin the Skirmisher, an amateur BaFi (D:3)
  An orc (D:3)
2 creatures vanquished.

Vanquished Creatures (others)
  An orc (D:12)
1 creature vanquished.

Grand Total: 436 creatures vanquished

Notes
Turn   | Place    | Note
-------+----------+-------------------------------------------
     0 | D:1      | Amnesiac the Mummy Wizard began the quest for the Orb.
     0 | D:1      | Reached XP level 1. HP: 13/13 MP: 5/5
   358 | D:1      | Reached XP level 2. HP: 6/19 MP: 0/7
   362 | D:1      | Learned a level 2 spell: Blink
   365 | D:1      | Learned a level 2 spell: Call Imp
  1131 | D:1      | Reached skill level 5 in Spellcasting
  1428 | D:2      | Reached XP level 3. HP: 15/24 MP: 3/9
  1500 | D:2      | Learned a level 3 spell: Conjure Flame
  1504 | D:2      | Learned a level 3 spell: Mephitic Cloud
  1641 | D:3      | Found a runed gate.
  1642 | D:3      | Found a runed gate.
  1643 | D:3      | Found a runed gate.
  1644 | D:3      | Noticed mhoghedin's ghost (amateur BaFi)
  1844 | D:4      | Found a staircase to the Ecumenical Temple.
  1884 | D:4      | Reached XP level 4. HP: 28/30 MP: 9/12
  1939 | Temple   | Entered the Ecumenical Temple
  2033 | Temple   | Became a worshipper of Kikubaaqudgha
  2083 | D:4      | Reached skill level 1 in Necromancy
  2727 | D:2      | Reached skill level 2 in Necromancy
  2858 | D:2      | Found a glowing golden altar of the Shining One.
  2934 | D:3      | Reached * piety under Kikubaaqudgha
  2934 | D:3      | Identified Kikubaaqudgha's Tome of Black Arts
                  | (Kikubaaqudgha gifted it to you on level 3 of the Dungeon)
  2934 | D:3      | Received a gift from Kikubaaqudgha
  2955 | D:3      | Reached XP level 5. HP: 32/35 MP: 14/14
  2960 | D:3      | Learned a level 3 spell: Vampiric Draining
  2984 | D:3      | Learned a level 2 spell: Corpse Rot
  3266 | D:3      | Reached skill level 3 in Necromancy
  3607 | D:3      | Found a roughly hewn altar of Beogh.
  3785 | D:3      | Killed mhoghedin's ghost
  3785 | D:3      | Reached skill level 4 in Necromancy
  3785 | D:3      | Reached XP level 6. HP: 11/41 MP: 1/15
  3923 | D:3      | Got an ichor-stained scale mail
  3939 | D:3      | Identified the +3 scale mail of Dawn {rN++} (You took it
                  | off an orc on level 3 of the Dungeon)
  4235 | D:4      | You fall through a shaft!
  4235 | D:5      | Entered Level 5 of the Dungeon
  4319 | D:5      | Noticed Dowan
  4344 | D:5      | Killed Dowan
  4344 | D:5      | Reached skill level 5 in Necromancy
  4344 | D:5      | Noticed Duvessa
  4373 | D:4      | Reached ** piety under Kikubaaqudgha
  4550 | D:4      | Found Wotwaeg's Antique Weapon Shop.
  4609 | D:4      | Reached skill level 6 in Necromancy
  4609 | D:4      | Reached XP level 7. HP: 10/46 MP: 7/16
  5188 | D:5      | Reached skill level 7 in Necromancy
  5237 | D:5      | Killed Duvessa
  5436 | D:5      | Reached skill level 8 in Necromancy
  5436 | D:5      | Reached XP level 8. HP: 52/52 MP: 11/17
  6000 | D:6      | Found a stormy altar of Qazlal.
  6151 | D:6      | Reached skill level 9 in Necromancy
  6746 | D:7      | Found Xaxtor's Distillery.
  6748 | D:7      | Got a transparent long sword
  6749 | D:7      | Identified the +5 long sword of Exhibitionism {elec, MR++
                  | Stlth+} (You found it on level 7 of the Dungeon)
  6758 | D:7      | Reached *** piety under Kikubaaqudgha
  6758 | D:7      | Identified Kikubaaqudgha's Handbook of Sinister Rites
                  | (Kikubaaqudgha gifted it to you on level 7 of the Dungeon)
  6758 | D:7      | Received a gift from Kikubaaqudgha
  6919 | D:7      | Reached skill level 10 in Necromancy
  6925 | D:7      | Reached XP level 9. HP: 33/57 MP: 14/21
  7043 | D:7      | Learned a level 5 spell: Bolt of Draining
  7093 | D:7      | Noticed Pikel
  7136 | D:7      | Killed Pikel
  7201 | D:7      | Got a faintly humming ring mail
  7246 | D:7      | Found a glowing golden altar of the Shining One.
  7301 | D:7      | Learned a level 5 spell: Dispel Undead
  7305 | D:7      | Reached skill level 11 in Necromancy
  7398 | D:7      | Found an iron altar of Okawaru.
  7407 | D:7      | Found a deep blue altar of Sif Muna.
  7409 | D:7      | Found a sparkling altar of Nemelex Xobeh.
  7410 | D:7      | Found a shattered altar of Ashenzari.
  7743 | D:8      | Found a staircase to the Lair.
  7763 | D:8      | HP: 1/57 [warg (3)]
  8048 | D:8      | Found a hazy altar of Hepliaklqana.
  8080 | D:8      | Found a transporter.
  8156 | D:8      | Reached **** piety under Kikubaaqudgha
  8346 | D:8      | Found a transporter.
  8356 | D:8      | Noticed mandick's ghost (novice OgFE)
  8577 | D:8      | Reached skill level 10 in Spellcasting
  8578 | D:8      | Reached XP level 10. HP: 56/63 MP: 13/24
  8731 | D:8      | Reached skill level 12 in Necromancy
  8948 | D:8      | Found a basalt altar of Yredelemnul.
  9664 | D:8      | Identified the cursed +0 ring mail of Biuvvog {Str+4} (You
                  | found it on level 7 of the Dungeon)
  9733 | D:8      | Killed mandick's ghost
  9818 | D:9      | Noticed Erica
  9829 | D:10     | Entered Level 10 of the Dungeon
  9892 | D:10     | Got a faintly humming leather armour
  9914 | D:9      | Identified the +0 leather armour "Buysolen" {Int+2} (You
                  | found it on level 10 of the Dungeon)
 10188 | D:9      | Reached ***** piety under Kikubaaqudgha
 10201 | D:9      | Reached skill level 13 in Necromancy
 10305 | D:9      | Found an ornate altar of the Wu Jian Council.
 10571 | D:9      | Learned a level 5 spell: Borgnjor's Vile Clutch
 11110 | D:10     | Reached XP level 11. HP: 61/68 MP: 13/26
 11264 | D:10     | Killed Erica
 11280 | D:10     | Reached skill level 14 in Necromancy
 11418 | D:10     | Found a bloodstained altar of Trog.
 12219 | D:11     | Noticed a two-headed ogre
 12224 | D:11     | Killed a two-headed ogre
 12343 | D:11     | Noticed Grum
 12350 | D:11     | Killed Grum
 12700 | D:11     | Killed an unseen horror
 12700 | D:11     | Reached skill level 15 in Necromancy
 12768 | D:11     | Identified a scroll of acquirement {!r}
 13168 | D:11     | Reached ****** piety under Kikubaaqudgha
 13311 | D:11     | Noticed a red ugly thing
 13325 | D:11     | Killed a red ugly thing
 13951 | D:12     | Noticed Nergalle
 13961 | D:12     | Killed Nergalle
 13961 | D:12     | Reached XP level 12. HP: 74/74 MP: 19/29
 13969 | D:12     | Learned a level 6 spell: Deflect Missiles
 14215 | D:12     | Noticed Josephine
 14231 | D:12     | Reached skill level 1 in Charms
 14231 | D:12     | Reached skill level 1 in Air Magic
 15253 | D:12     | Found Tuadgh's Jewellery Emporium.
 15343 | D:12     | Noticed Maurice
 15346 | D:12     | Killed Maurice
 15507 | D:12     | Found a staircase to the Orcish Mines.
 15694 | D:12     | Killed Josephine
 15694 | D:12     | Reached skill level 16 in Necromancy
 15984 | Orc:1    | Entered Level 1 of the Orcish Mines
 16269 | Orc:1    | Found a roughly hewn altar of Beogh.
 16458 | Orc:2    | Entered Level 2 of the Orcish Mines
 16694 | Orc:2    | Found a staircase to the Elven Halls.
 16770 | Orc:2    | Found a roughly hewn altar of Beogh.
 16999 | Orc:2    | Found a roughly hewn altar of Beogh.
 17001 | Orc:2    | Found a frozen archway.
 17006 | IceCv    | Entered an ice cave
 17172 | IceCv    | Found a transporter.
 17227 | IceCv    | HP: 3/74 [ice statue] (3)]
 17247 | IceCv    | Found a transporter.
 17256 | IceCv    | Learned a level 4 spell: Animate Dead
 17256 | IceCv    | HP: 3/74 [ice beast[an ice statue] (4)]
 17258 | IceCv    | Slain by an ice beast

Vault maps used:
D:1:      dpeg_arrival_solitude
D:2:      first_ration, tso_metal_star
D:3:      biasface_ghost_orc_armoury
D:4:      minmay_temple_entry_trees, serial_shops, nicolae_shop_behind_doors,
          kennysheep_small_spiral
D:5:      lightli_corner_chamber, uniq_duvessa
D:6:      overflow_temple_1_default
D:7:      minitemple, marbit_many_paths, serial_shops, shop_statue,
          grunt_ogre_cave, serial_bayou_lagoon_b, uniq_pikel
D:8:      minmay_cornered_nines, old_standard_altar,
          lemuel_mausoleum_altar_yredelemnul, erik_lair_orcish_takeover,
          gammafunk_ghost_mausoleum
D:9:      old_standard_altar, minmay_misc_feat_pillars, uniq_erica
D:10:     trog_ov_bears_minmay
D:11:     kennysheep_generic_room_15, uniq_grum
D:12:     erik_orc_2, serial_shops, shop, uniq_josephine, uniq_maurice,
          uniq_nergalle
Temple:   dshaligram_water_room_temple
Orc:1:    basic_altar
Orc:2:    grunt_orc_community_town_hall, grunt_orc_community_big_house_1,
          grunt_orc_community_big_house_2, grunt_orc_community_house_3,
          grunt_orc_community_house_2, grunt_orc_community_house_2,
          grunt_orc_community_house_3, grunt_orc_community_house_2,
          grunt_orc_community_house_1, portal_ice_cave_entry_pillars_1
IceCv:    ice_cave_statue_garden_transporter

Skill      XL: |  1  2  3  4  5  6  7  8  9 10 11 12 |
---------------+-------------------------------------+-----
Spellcasting   | 5 6 8 10 11 13 14 | 14.0
Necromancy     | 2 4 6 8 10 11 13 15 16 | 16.4
Charms         | 3 |  3.4
Air Magic      | 3 |  3.4
Dodging        | |  1.5
Stealth        | |  1.5
Conjurations   | |  0.7
Summonings     | |  0.7
Translocations | |  0.7

Action                   |  1- 3 |  4- 6 |  7- 9 | 10-12 || total
-------------------------+-------+-------+-------+-------++-------
Melee: Spear             |    56 |    14 |       |       ||    70
       Dagger            |       |   184 |   202 |       ||   386
       Long sword        |       |       |    78 |   172 ||   250
 Cast: Magic Dart        |    83 |    32 |       |       ||   115
       Call Imp          |     1 |     8 |     1 |     1 ||    11
       Mephitic Cloud    |     2 |    10 |    21 |     2 ||    35
       Conjure Flame     |       |     2 |       |     1 ||     3
       Blink             |       |     1 |     2 |    25 ||    28
       Corpse Rot        |       |     1 |       |       ||     1
       Vampiric Draining |       |       |     6 |     7 ||    13
       Bolt of Draining  |       |       |    23 |   244 ||   267
       Dispel Undead     |       |       |     7 |    44 ||    51
       Borgnjor's Vile C |       |       |       |     7 ||     7
Evoke: Wand              |       |       |       |    14 ||    14
  Use: Scroll            |       |     4 |     3 |    13 ||    20
 Stab: Sleeping          |     1 |     7 |     4 |       ||    12
       Confused          |       |     2 |     4 |     1 ||     7
       Distracted        |       |       |       |     1 ||     1
Armor: Robe              |    35 |    28 |    70 |   150 ||   283
       Ring mail         |       |       |     7 |       ||     7
Dodge: Dodged            |    86 |    95 |   147 |   165 ||   493
       Rpst.: Long sword |       |       |    16 |    36 ||    52

Table legend:
 A = Non-vault XP
 B = Vault XP
 C = Vault XP percentage of total XP
 D = Non-vault monster count
 E = Vault monster count
 F = Vault count percentage of total count
                 A         B        C        D         E       F
            +---------+---------+-------+---------+---------+-------
      Total |   22733 |   12725 |  35.9 |     335 |      96 |  22.3
            +---------+---------+-------+---------+---------+-------
        D:1 |      30 |       0 |   0.0 |      19 |       0 |   0.0
        D:2 |      60 |       0 |   0.0 |      24 |       0 |   0.0
        D:3 |      92 |     159 |  63.3 |      28 |       6 |  17.6
        D:4 |     306 |       0 |   0.0 |      21 |       0 |   0.0
        D:5 |     912 |     214 |  19.0 |      25 |       2 |   7.4
        D:6 |     451 |       0 |   0.0 |      11 |       0 |   0.0
        D:7 |    1076 |     783 |  42.1 |      22 |       3 |  12.0
        D:8 |    1118 |    2378 |  68.0 |      23 |      28 |  54.9
        D:9 |    2911 |       0 |   0.0 |      36 |       0 |   0.0
       D:10 |    2902 |    1470 |  33.6 |      24 |       3 |  11.1
       D:11 |    4233 |    1150 |  21.4 |      36 |       4 |  10.0
       D:12 |    5315 |    3875 |  42.2 |      38 |      27 |  41.5
      Orc:1 |    1931 |       0 |   0.0 |      13 |       0 |   0.0
      Orc:2 |    1396 |     547 |  28.2 |      15 |      14 |  48.3
      IceCv |       0 |    2149 | 100.0 |       0 |       9 | 100.0
            +---------+---------+-------+---------+---------+-------
